Map: Catalyst LE

Players

EleMenTfiNi - Winner!

  • Race: Protoss Protoss
  • League: Diamond
  • Spawn Location: 11:00

BootyClap

  • Race: Terran Terran
  • League: Diamond
  • Spawn Location: 5:00

VOD

Have the link to the VOD?

Description

Time

  • Played on: May 12, 2018, 2:43 a.m.
  • Length: 6:20
Show
View Real Time Build Order
Export as new Build Order

EleMenTfiNi Protoss - Winner!

Build Orders:  

Get SALT Encoding   

  12  0:01  Probe  
  13  0:14  Pylon  
  13  0:20  Assimilator  
  13  0:32  Gateway, Probe  
  14  0:40  Probe  
  15  0:54  Probe  
  16  1:06  Probe  
  16  1:10  Gateway  
  17  1:18  Probe  
  17  1:20  Cybernetics Core  
  18  1:27  Zealot  
  18  1:32  Probe  
  21  1:44  Probe  
  22  1:48  Pylon  
  22  1:56  Stalker  
  22  1:57  Stalker  
  22  2:05  Warp Gate  
  26  2:10  Probe  
  26  2:12  Assimilator  
  27  2:18  Pylon  
  27  2:42  Zealot x2  
  31  2:53  Twilight Council  
  30  2:58  Pylon  
  30  3:09  Stalker  
  31  3:19  Charge  
  31  3:27  Gateway  
  31  3:32  Robotics Facility  
  31  3:39  Zealot  
  33  3:45  Probe  
  34  4:07  Gateway  
  33  4:18  Zealot  
  33  4:21  Warp Prism  
  37  4:24  Sentry  
  37  4:25  Sentry  
  41  4:32  Pylon  
  41  4:42  Zealot  
  43  4:48  Zealot  
  43  4:52  Zealot  
  47  5:09  Zealot x2  
  47  5:11  Sentry  
  47  5:40  Zealot x4  
  41  6:01  Zealot x2  
  41  6:02  Zealot x2  
Show
View Real Time Build Order
Export as new Build Order

BootyClap Terran 

Build Orders: Reaper Expand 

Get SALT Encoding   

  12  0:00  SCV  
  13  0:12  SCV  
  14  0:18  Supply Depot  
  14  0:25  SCV  
  15  0:40  SCV  
  16  0:43  Barracks  
  16  0:47  Refinery  
  16  0:52  SCV  
  17  1:04  SCV  
  18  1:16  SCV  
  19  1:30  Reaper  
  20  1:33  Orbital Command  
  20  1:46  Command Center  
  20  2:02  SCV  
  20  2:04  Supply Depot  
  20  2:07  Marine  
  22  2:17  Bunker  
  22  2:19  Factory  
  22  2:20  Refinery  
  22  2:27  SCV  
  22  2:29  Marine  
  23  2:39  SCV  
  24  2:47  Marine  
  25  2:51  SCV  
  26  3:00  Orbital Command  
  26  3:03  SCV  
  27  3:09  Factory Tech Lab  
  27  3:10  Starport  
  26  3:15  SCV  
  27  3:24  Marine  
  28  3:28  SCV x2  
  28  3:30  Siege Tank  
  33  3:40  SCV x2  
  35  3:47  Bunker  
  35  3:49  Viking  
  35  3:54  Marine  
  38  4:01  SCV x2  
  40  4:04  Supply Depot  
  40  4:10  Liberator  
  40  4:14  SCV x2  
  41  4:22  Marine  
  42  4:26  SCV x2, Siege Tank  
  50  4:33  Engineering Bay  
  50  4:34  Supply Depot  
  50  4:38  SCV  
  51  4:45  Marine  
  52  4:46  SCV  
  52  4:50  SCV  
  54  5:00  SCV, Supply Depot  
  54  5:05  Barracks x2  
  55  5:07  SCV  
  55  5:11  Missile Turret  
  56  5:18  SCV  
  56  5:19  Missile Turret  
  57  5:22  SCV  
  57  5:30  SCV  
  46  5:49  Marine  
Tags
 
Add a new tag
Caveats
  • Supply blocks, unpowered buildings, or Contaminate may cause inaccurate times.
  • Supply counts are checked every 10 seconds.